 Dungeon Crawl Stone Soup version 0.31.0-1-g2c135a0 (webtiles) character file.

Game seed: 9022223158546994957

127 bonegar the Sneak (level 5, -2/43 HPs)
             Began as a Naga Enchanter on Feb 13, 2024.
             Slain by an orc
             ... wielding a +0 mace
              (4 damage)
             ... on level 3 of the Dungeon.
             The game lasted 00:15:08 (2502 turns).

bonegar the Sneak (Naga Enchanter)                  Turns: 2502, Time: 00:15:10

Health: -2/43      AC:  3    Str: 10    XL:     5   Next: 11%
Magic:  3/8        EV: 10    Int: 15    God:
Gold:   87         SH:  0    Dex: 14    Spells: 6/9 levels left

rFire   . . .        a - +1 dagger
rCold   . . .        (no shield)
rNeg    . . .        b - +0 robe
rPois   +            e - +0 helmet
rElec   .            (no cloak)
rCorr   .            (no gloves)
SInv    +            (no barding)
Will    .....        (no amulet)
Stlth   +++          (no ring)
HPRegen 0.27/turn    (no ring)
MPRegen 0.11/turn

%: no passive effects
@: short of breath, very slow
A: AC +1, large, see invisible, deformed body, poison resistance, slowness 2,
spit poison 1, naga tail 1
a: Spit Poison


You were on level 3 of the Dungeon.
You visited 1 branch of the dungeon, and saw 3 of its levels.

You collected 87 gold pieces.

Inventory:

Hand Weapons
 a - a +1 dagger (weapon)
 j - a +0 dagger
Armour
 b - a +0 robe (worn)
 e - a +0 helmet (worn)
 k - a +0 animal skin
 l - a +0 helmet
Talismans
 d - a granite talisman
 g - a maw talisman
Scrolls
 h - 2 scrolls of noise
 m - a scroll of enchant armour {unknown}
 n - a scroll of summoning {unknown}
Potions
 c - a potion of invisibility
 f - 2 potions of heal wounds {unknown}
 i - a potion of mutation {unknown}
 o - a potion of brilliance {unknown}


   Skills:
 + Level 0.6 Fighting
 + Level 2.1 Short Blades
 + Level 1.7 Dodging
 + Level 6.3 Stealth
 + Level 2.5 Spellcasting
 + Level 3.5 Hexes
 + Level 0.4 Ice Magic


You had 6 spell levels left.
You knew the following spells:

 Your Spells              Type           Power      Damage    Failure   Level
a - Ensorcelled Hibernat  Hex/Ice        14%        N/A       14%         2
b - Slow                  Hex            48%        N/A       4%          1

Your spell library contained the following spells:

 Spells                   Type           Power      Damage    Failure   Level
 Confusing Touch          Hex            12%        N/A       16%         3
 Sigil of Binding         Hex            12%        N/A       16%         3
 Tukima's Dance           Hex            12%        N/A       16%         3
 Kiss of Death            Conj/Necr      4%         2d5       22%         1
 Dazzling Flash           Conj/Hex       14%        N/A       30%         3
 Vampiric Draining        Necr           1%         2d6       54%         3
 Dispel Undead            Necr           1%         3d6       91%         4


Dungeon Overview and Level Annotations

Branches:
Dungeon (3/15)

Altars:

Shops:
D:1 ?***[

Annotations:
D:1 2 transporters


Innate Abilities, Weirdness & Mutations

Your serpentine skin is tough. (AC +1)
You have supernaturally acute eyesight. (SInv)
Armour fits poorly on your strangely shaped body.
Your system is resistant to poisons. (rPois)
You cover ground very slowly.
You can spit poison.
You have a snake-like lower body.


Message History

Casting: Ensorcelled Hibernation (safe; 14% risk of failure)
Confirm with . or Enter, or press ? or * to list all spells.
Aiming: Ensorcelled Hibernation (safe; 14% risk of failure)
Press: ? - help, Shift-Dir - straight line, f/p - orc priest
Aim: an orc priest, wielding a +0 hand axe and wearing a +0 ring mail (chance to affect: 40%)
You miscast Ensorcelled Hibernation.
You are very lightly contaminated with residual magic.
Nothing appears to happen.
You hit the orc priest but do no damage.
You hit the orc priest but do no damage.
The orc priest miscasts a cantrip.
You hit the orc priest but do no damage.
You hit the orc but do no damage.
The orc priest hits you with a +0 hand axe.
The orc closely misses you.
You closely miss the orc. The orc priest closely misses you.
The orc barely misses you.
You hit the orc but do no damage.
The orc priest mumbles some strange prayers to Beogh against you.
You struggle to resist.
The orc priest calls down the wrath of Beogh upon you.
Beogh smites you! The orc hits you with a +0 mace.
You hit the orc.
The orc is lightly wounded.
The orc priest begins to cast a cantrip, but forgets the words!
The orc hits you with a +0 mace.
The orc priest looks satisfied for a moment.
Your magical contamination has completely faded away.
Aiming: Spit Poison (1% risk of failure)
Press: ? - help, Shift-Dir - straight line, f/p - orc priest
Aim: an orc priest, wielding a +0 hand axe and wearing a +0 ring mail (65% to hit)
The splash of poison hits the orc priest!
The orc priest is heavily wounded.
The orc priest mumbles some strange prayers to Beogh against you.
Beogh smites you!
The orc priest calls down the wrath of Beogh upon you.
Beogh smites you!
* * * LOW HITPOINT WARNING * * *
The orc hits you with a +0 mace.
You die...

...####.#......# ##............#
...####.#...#### #............#
........#...## ##.#.#.......#
...### ##>[.)# #.#.####....# ####
##...#### #.#...<#.#### #
######......## #.######.# #
#........##..# #........# #
#........###o####..#######
#####........'oo@......#
##..+........#####..##.###
##.##........######.##...#####
##....#.##....#.###..#.......#
#......##......##......#.#.#.#
.#....#..#....#..#...........#
#......##......##......#.#.#..
###.#.#####.#.####............###
#.#.## #.#.## #.....#.#.#....#


You could see 2 orc priests and an orc.

Vanquished Creatures
  A bombardier beetle (D:3)
  Robin (D:2)
  2 adders (D:2)
  A ribbon worm (D:2)
  A dart slug (D:1)
  2 orcs (D:3)
  5 ball pythons
  7 endoplasms
  12 goblins
  6 hobgoblins
  2 quokkas
  5 bats
  8 frilled lizards
  2 kobolds
  6 rats
61 creatures vanquished.

Notes
Turn   | Place    | Note
-------+----------+-------------------------------------------
     0 | D:1      | bonegar the Naga Enchanter began the quest for the Orb.
     0 | D:1      | Reached XP level 1. HP: 15/15 MP: 3/3
     9 | D:1      | Found Coimpoi's General Store.
    87 | D:1      | Found Pupn's Armour Emporium.
   193 | D:1      | Reached XP level 2. HP: 10/22 MP: 5/5
   245 | D:1      | Learned a level 2 spell: Ensorcelled Hibernation
   264 | D:1      | Found Fecup's General Store.
   304 | D:1      | Reached skill level 5 in Stealth
   429 | D:1      | Found Ylacyg's General Store.
   940 | D:1      | Found Deduge Willu's Magic Scroll Shoppe.
  1117 | D:2      | Reached XP level 3. HP: 28/28 MP: 2/6
  1264 | D:2      | Found a faded altar of an unknown god.
  1323 | D:2      | Noticed Robin
  1493 | D:2      | Reached XP level 4. HP: 34/37 MP: 7/7
  1505 | D:2      | Killed Robin
  1711 | D:2      | Learned a level 1 spell: Slow
  1872 | D:3      | Reached skill level 6 in Stealth
  1937 | D:3      | Reached XP level 5. HP: 43/43 MP: 8/8
  2502 | D:3      | HP: 2/43 [orc priest/divine providence (11)]
  2502 | D:3      | Slain by an orc

Illustrated notes

Levels and vault maps discovered:
D:1:      spicycebolla_arrival_transporter_tutorial, layout_basic, serial_shops,
          nicolae_shop_hallway_plus, shop, nicolae_shop_pleasant_corner_grove,
          shop, nicolae_shop_statue_plus, nicolae_kite_square_tiling_tiny,
          hex_intersection, hangedman_decor_points
D:2:      layout_rooms, shapermc_ecumenical_altar_venn, moated_statue,
          uniq_robin
D:3:      layout_basic, serial_glass, glass_columns_b, glass_columns_c,
          solitary_fountain, nicolae_houndstooth_variations,
          uniq_crazy_yiuf_cottage

Skill      XL: |  1  2  3  4 |
---------------+-------------+-----
Stealth        | 5 6 |  6.3
Short Blades   | 2 |  2.1
Fighting       | |  0.6
Dodging        | |  1.7
Spellcasting   | |  2.5
Hexes          | |  3.5
Ice Magic      | |  0.4

Action                     |  1- 3 |  4- 6 || total
---------------------------+-------+-------++-------
  Melee: Dagger            |   111 |    50 ||   161
         Punch             |     2 |       ||     2
   Cast: Ensorcelled Hiber |     5 |    20 ||    25
Ability: Spit Poison       |     1 |     2 ||     3
    Use: Potion            |     1 |     1 ||     2
         Scroll            |     1 |       ||     1
   Stab: Sleeping          |    15 |    12 ||    27
         Invisible         |     3 |       ||     3
 Armour: Robe              |    48 |    29 ||    77
  Dodge: Dodged            |    45 |    19 ||    64
